Map: Frozen Temple

Players

Nano

  • Race: Terran Terran
  • League: Silver

BadJack - Winner!

  • Race: Terran Terran
  • League: Silver

VOD

Have the link to the VOD?

Description

Time

  • Played on: March 29, 2016, 2:35 p.m.
  • Length: 10:37
Show
View Real Time Build Order
Export as new Build Order

Nano Terran 

Build Orders: MMM Bio 

Get SALT Encoding   

  12  0:02  SCV  
  13  0:14  SCV  
  14  0:23  Supply Depot  
  14  0:26  SCV  
  15  0:33  Refinery  
  15  0:45  SCV  
  15  0:47  Barracks  
  16  0:57  SCV  
  17  1:10  SCV  
  18  1:23  SCV  
  19  1:34  Reaper  
  19  1:37  Supply Depot  
  19  1:38  SCV  
  21  1:49  Command Center  
  21  1:53  SCV  
  22  2:04  Factory  
  22  2:15  Orbital Command  
  22  2:16  Barracks Reactor  
  22  2:45  SCV  
  22  2:46  Refinery  
  23  2:52  Starport  
  23  3:05  Marine x2  
  24  3:13  SCV  
  25  3:21  Barracks  
  25  3:24  Factory Tech Lab  
  25  3:27  Marine x2  
  27  3:34  SCV  
  28  3:41  Medivac  
  28  3:42  Barracks  
  28  3:47  Marine x2  
  32  3:50  SCV x2  
  34  4:04  Marine  
  34  4:05  SCV x2  
  34  4:06  Marine  
  39  4:17  Barracks Tech Lab  
  39  4:22  Medivac  
  40  4:26  Widow Mine  
  40  4:31  SCV x2  
  44  4:32  Barracks Reactor  
  44  4:33  Marine x2  
  44  4:38  Stimpack  
  46  4:39  Refinery  
  46  4:55  Supply Depot  
  46  5:17  Marine x5, SCV x2  
  53  5:22  Supply Depot  
  53  5:26  Siege Tank  
  53  5:27  Medivac  
  58  5:29  SCV  
  58  5:34  Orbital Command  
  59  5:36  Marine x2  
  59  5:37  Marine  
  62  5:43  Marine x2  
  64  5:59  Marine  
  64  6:00  Marine x2  
  64  6:01  Marine  
  60  6:06  Marine  
  60  6:09  Supply Depot, SCV x2  
  60  6:10  Siege Tank  
  60  6:11  Medivac  
  68  6:21  Marine x2  
  70  6:29  Marine x2, SCV x2  
  70  6:32  Supply Depot  
  74  6:34  Marine  
  74  6:38  Combat Shields  
  75  6:43  Marine x2  
  75  6:46  Siege Tank, Medivac  
  82  6:52  Marine x2  
  82  6:53  Marine  
  85  6:55  SCV x2  
  85  6:59  Supply Depot  
  85  7:01  Marine  
  86  7:09  SCV x2  
  86  7:10  Marine  
  86  7:11  Marine x3  
  92  7:27  Engineering Bay, SCV x2  
  94  7:37  Marine x3  
  94  7:38  Marine  
  98  7:44  Command Center  
  98  7:47  Marine  
  99  7:52  SCV x2  
  101  7:59  Marine  
  102  8:07  Marine x4, Supply Depot  
  83  8:24  Marine  
  83  8:25  Marine x3  
  60  8:34  Marine  
  61  8:42  Marine  
  61  8:43  Marine  
  61  8:46  Marine x2  
  61  8:47  Medivac  
  60  8:55  Supply Depot  
  60  8:59  Marine  
  60  9:00  Siege Tank  
  63  9:05  Planetary Fortress  
  61  9:11  Marine x2, SCV x2  
  61  9:12  Marine x2  
  63  9:17  Medivac  
  63  9:22  Marine  
  60  9:29  Marine x2  
  60  9:31  SCV x2  
  60  9:33  Supply Depot  
  60  9:35  Marine x2  
  56  9:40  Marine  
  55  9:51  Marine x2  
  56  9:53  Marine, Siege Tank, Medivac  
  62  10:03  Marine x2  
  57  10:07  SCV x2  
  57  10:09  Marine x2  
  57  10:10  SCV  
  58  10:14  Marine  
  57  10:29  Refinery  
Show
View Real Time Build Order
Export as new Build Order

BadJack Terran - Winner!

Build Orders:  

Get SALT Encoding   

  12  0:02  SCV  
  13  0:15  SCV  
  13  0:19  Supply Depot  
  14  0:27  SCV  
  15  0:41  SCV  
  16  0:43  Barracks  
  16  0:45  Refinery  
  16  0:53  SCV  
  17  1:05  SCV  
  18  1:17  SCV  
  19  1:29  SCV  
  19  1:32  Barracks Reactor  
  20  1:37  Command Center  
  20  1:43  Supply Depot  
  20  1:56  Orbital Command  
  20  2:14  Marine x2  
  22  2:16  Factory  
  22  2:21  Supply Depot  
  22  2:22  SCV  
  22  2:39  Marine x2  
  24  2:46  SCV  
  25  2:57  Marine x2  
  27  3:13  Refinery, Factory Tech Lab  
  27  3:21  Orbital Command, SCV  
  27  3:22  Starport  
  27  3:26  Marine x2  
  30  3:33  SCV  
  31  3:39  Siege Tank  
  34  3:44  Marine x2  
  34  3:45  SCV  
  37  4:04  Marine x2  
  37  4:05  Engineering Bay  
  37  4:07  Armory  
  39  4:10  Refinery  
  39  4:11  Refinery, Starport Reactor  
  39  4:34  Missile Turret  
  39  4:37  Marine x2  
  39  4:38  Missile Turret  
  41  4:40  Siege Tank  
  44  4:55  SCV  
  44  4:56  SCV  
  44  4:58  Marine x2  
  48  5:02  Medivac  
  50  5:08  Terran Infantry Weapons Level 1  
  50  5:14  Terran Vehicle And Ship Armor Level 1, SCV  
  50  5:18  SCV  
  50  5:21  Marine  
  52  5:22  Marine  
  54  5:29  Supply Depot  
  54  5:35  Supply Depot  
  54  5:39  SCV x2  
  54  5:40  Marine x2  
  52  6:07  Marine  
  52  6:08  Marine, Siege Tank, Medivac  
  52  6:09  Medivac  
  61  6:21  Barracks  
  61  6:22  SCV  
  61  6:23  SCV, Barracks  
  63  6:27  Barracks  
  63  6:33  Marine  
  63  6:34  SCV  
  63  6:35  SCV  
  63  6:37  Marine  
  67  6:46  SCV  
  68  6:47  SCV  
  69  6:54  Supply Depot  
  69  7:13  Barracks Tech Lab x2  
  69  7:14  Siege Tank  
  69  7:15  Viking, Medivac  
  76  7:16  Marine x2  
  76  7:18  Barracks Reactor  
  78  7:23  Terran Vehicle Weapons Level 1  
  78  7:28  Terran Infantry Armor Level 1  
  78  7:33  Marine x2  
  59  8:29  Marine x4  
  59  8:30  Marauder x2, Siege Tank  
  59  8:31  Medivac x2  
  66  8:59  Marine x3  
  66  9:00  Marauder x2  
  67  9:38  Marine  
  67  9:39  Marine x4  
  67  9:40  Marauder, Siege Tank, Medivac  
  67  9:41  Medivac  
  75  9:55  Command Center  
  75  9:57  Marauder  
Tags
 
Composition
MMM Bio
Matchup
TvT
Race
Terran
Add a new tag
Caveats
  • Supply blocks, unpowered buildings, or Contaminate may cause inaccurate times.
  • Supply counts are checked every 10 seconds.